 Dungeon Crawl Stone Soup version 0.20.0-10-g0535bb4 (webtiles) character file.

39 Akrius the Slasher (level 3, 0/29 HPs)
             Began as a Draconian Warper on June 4, 2017.
             Slain by Natasha (2 damage)
             ... on level 2 of the Dungeon.
             The game lasted 00:01:42 (1008 turns).

Akrius the Slasher (Draconian Warper)               Turns: 1008, Time: 00:01:43

Health: 0/29       AC:  5    Str: 13    XL:     3   Next: 26%
Magic:  3/6        EV: 12    Int: 13    God:
Gold:   9          SH:  0    Dex: 11    Spells: 2/6 levels left

rFire    . . .     SeeInvis .   a - +0 falchion
rCold    . . .     Gourm    .   (no shield)
rNeg     . . .     Faith    .   (armour unavailable)
rPois    .         Spirit   .   (helmet restricted)
rElec    .         Reflect  .   (no cloak)
rCorr    .         Harm     .   (no gloves)
MR       .....                  (no boots)
Stlth    +.........             e - amulet of magic regeneration
Regen    0.1/turn               (no ring)
MPRegen  0.2/turn               (no ring)

@: very slightly contaminated, slowed, very slow
A: unfitting armour, cold-blooded, AC +5
a: no special abilities


You were on level 2 of the Dungeon.
You were hungry.

You visited 1 branch of the dungeon, and saw 2 of its levels.

You collected 9 gold pieces.

Inventory:

Hand Weapons
 a - a +0 falchion (weapon)
Missiles
 d - 5 tomahawks of dispersal (quivered)
Jewellery
 e - an amulet of magic regeneration (around neck)
Scrolls
 c - 2 scrolls of blinking
 g - 4 scrolls of identify {unknown}
Potions
 h - a potion of magic {unknown}
 i - a potion of mutation {unknown}
 k - a potion of resistance {unknown}
Books
 b - a book of Spatial Translocations

   Spells                             Type                      Level
   a - Blink                          Translocation                2
   b - Shroud of Golubria             Charms/Translocation         2
   c - Lesser Beckoning               Translocation                3
   d - Gell's Gravitas                Translocation                3
   e - Teleport Other                 Translocation                3
   f - Passage of Golubria            Translocation                4
Comestibles
 f - 3 bread rations
 j - a meat ration
 l - a chunk of flesh


   Skills:
 - Level 2.1 Fighting
 + Level 3.7 Long Blades
 - Level 0.8 Throwing
 - Level 2.1 Dodging
 - Level 2.0 Spellcasting
 - Level 3.0 Translocations


You had 2 spell levels left.
You knew the following spells:

 Your Spells              Type           Power        Failure   Level  Hunger
a - Blink                 Tloc           N/A          11%         2    ###....
b - Shroud of Golubria    Chrm/Tloc      #.........   21%         2    ###....


Dungeon Overview and Level Annotations

Branches:
Dungeon (2/15)

Altars:
Okawaru

Annotations:
D:2 Natasha


Innate Abilities, Weirdness & Mutations

Your plain brown scales are hard. (AC +5)
You cannot fit into any form of body armour.
You are cold-blooded and may be slowed by cold attacks.


Message History

You hit Natasha.
Natasha is almost dead.
Your shroud bends Natasha's attack away.
The shadow imp gestures at you. Pain shoots through your body!
You hit Natasha but do no damage.
Natasha is almost dead.
Your shroud begins to fray at the edges.
Natasha stares at you and mumbles some strange words.
You feel yourself slow down. The shadow imp hits you.
* * * LOW HITPOINT WARNING * * *
Your shroud falls apart!
You hit Natasha but do no damage.
Natasha is almost dead.
Natasha closely misses you.
The shadow imp hits you but does no damage.
The shadow imp hits you.
* * * LOW HITPOINT WARNING * * *
Natasha claws you.
You die...

.# ##.# ###..#
#....# #....#
#....# +..5h#
#..@# ###$# #.#
#.# #.########..#
##.##.......>#
♣.♣#♣..##.########
............#
.....♣......#


You could see Natasha and a shadow imp.

Vanquished Creatures
  An adder (D:2)
  An ooze (D:1)
  A dart slug (D:1)
  4 bats (D:1)
  A giant cockroach (D:1)
  3 goblins
  A hobgoblin (D:2)
  2 frilled lizards (D:1)
  9 kobolds
  2 rats (D:1)
25 creatures vanquished.

Notes
Turn   | Place    | Note
-------+----------+-------------------------------------------
     0 | D:1      | Akrius the Draconian Warper began the quest for the Orb.
     0 | D:1      | Reached XP level 1. HP: 17/17 MP: 3/3
     1 | D:1      | Noticed an electric eel
   145 | D:1      | Reached XP level 2. HP: 23/24 MP: 5/5
   159 | D:1      | Learned a level 2 spell: Blink
   162 | D:1      | Learned a level 2 spell: Shroud of Golubria
   773 | D:2      | Reached XP level 3. HP: 18/29 MP: 3/6
   820 | D:2      | Found an iron altar of Okawaru.
   993 | D:2      | Noticed Natasha
  1008 | D:2      | Slain by Natasha

Skill      XL: |  1  2 |
---------------+-------+-----
Long Blades    | 3 |  3.7
Fighting       | |  2.1
Throwing       | |  0.8
Dodging        | |  2.1
Spellcasting   | |  2.0
Translocations | |  3.0

Action                   || total
-------------------------++-------
Melee: Falchion          ||    89
       Tailslap          ||     9
 Cast: Shroud of Golubri ||     2
Armor: Skin              ||    35
Dodge: Dodged            ||   101
       Rpst.: Falchion   ||    24
